 Dungeon Crawl Stone Soup version 0.31-a0-618-g7ca08c1ff9 (webtiles) character file.

Game seed: 3568105245603473212

76261 cforsyth the Prestidigitator (level 15, -2/105 HPs)
             Began as a Gnoll Artificer on Aug 22, 2023.
             Was the Champion of Hepliaklqana.
             Killed from afar by a tengu reaver (13 damage)
             ... with a bolt of lightning
             ... on level 12 of the Dungeon.
             The game lasted 00:49:52 (24490 turns).

cforsyth the Prestidigitator (Gnoll Artificer)     Turns: 24490, Time: 00:49:53

Health: -2/105     AC: 30    Str: 18    XL:     15   Next: 52%
Magic:  29/29      EV: 11    Int: 19    God:    Hepliaklqana [******]
Gold:   2761       SH: 11    Dex: 13    Spells: 34/34 levels left

rFire   + + .        X - +1 demon whip (venom)
rCold   . . .        J - +0 kite shield
rNeg    . . .        m - +8 chain mail "Veonweij" {Harm rElec rF+ Int+5}
rPois   .            x - +1 helmet
rElec   +            k - +1 cloak {Will+}
rCorr   .            j - +0 pair of gloves
SInv    .            l - +2 pair of boots
Will    +++++        U - amulet "Luemim" {rF+ Will+ Regen+}
Stlth   ++           y - ring "Iryxul" {Will+ Str+6 Int-3}
HPRegen 1.17/turn    c - ring of willpower
MPRegen 0.21/turn

%: harm (+30% outgoing, +20% incoming)
@: lethally poisoned (-2 -> -2)
A: reduced essence, fangs 1, strong nose, distributed training
a: Renounce Religion, Recall Ancestor, Ancestor Identity, Transference, Idealise


You were on level 12 of the Dungeon.
You worshipped Hepliaklqana.
Hepliaklqana was exalted by your worship.
You visited 4 branches of the dungeon, and saw 20 of its levels.

You collected 4014 gold pieces.
You spent 1253 gold pieces at shops.

Inventory:

Hand Weapons
 B - a +1 spear of freezing
 G - a +6 dagger of freezing
 X - a +1 demon whip of venom (weapon)
Missiles
 E - 66 poisoned darts
Armour
 j - a +0 pair of gloves (worn)
 k - a +1 cloak of willpower (worn)
 l - a +2 pair of boots (worn)
 m - the +8 chain mail "Veonweij" (worn) {Harm rElec rF+ Int+5}
   (You found it on level 4 of the Dungeon)

   Int+5:     It affects your intelligence (+5).
   rF+:       It protects you from fire.
   rElec:     It insulates you from electricity.
   Harm:      It increases damage dealt and taken.
 x - a +1 helmet (worn)
 J - a +0 kite shield (worn)
Jewellery
 c - a ring of willpower (right hand)
 r - a ring of magical power
 y - the ring "Iryxul" (left hand) {Will+ Str+6 Int-3}
   (You found it on level 4 of the Dungeon)

   [ring of willpower]

   Str+6:     It affects your strength (+6).
   Int-3:     It affects your intelligence (-3).
   Will+:     It increases your willpower.
 L - a ring of willpower
 N - a ring of ice
 U - the amulet "Luemim" (around neck) {rF+ Will+ Regen+}
   (You found it on level 2 of the Lair of Beasts)

   [amulet of regeneration]

   rF+:       It protects you from fire.
   Will+:     It increases your willpower.
   Regen+:    It increases your rate of health regeneration.
Talismans
 V - a storm talisman
Wands
 d - a wand of charming (12)
 v - a wand of polymorph (20)
 w - a wand of mindburst (24)
 P - a wand of flame (27)
 Q - a wand of quicksilver (6)
 T - a wand of roots (5)
Scrolls
 e - 3 scrolls of brand weapon {unknown}
 g - 3 scrolls of teleportation
 n - a scroll of fear
 o - a scroll of poison
 s - 2 scrolls of enchant armour
 u - 2 scrolls of enchant weapon
 z - 3 scrolls of immolation {unknown}
 M - 2 scrolls of silence {unknown}
 O - 2 scrolls of noise {unknown}
 R - 5 scrolls of fog {unknown}
 S - a scroll of revelation
 W - 3 scrolls of identify
Potions
 f - 6 potions of curing
 h - 3 potions of ambrosia
 i - 3 potions of heal wounds
 p - 5 potions of might
 q - a potion of berserk rage
 t - 3 potions of haste
 A - 3 potions of cancellation
 C - 5 potions of brilliance
 D - 3 potions of attraction
 F - a potion of lignification
 H - 2 potions of resistance
 I - a potion of mutation
Miscellaneous
 K - a phantom mirror


   Skills:
 + Level 10.7 Fighting
 + Level 10.3 Short Blades
 + Level 10.3 Long Blades
 + Level 10.3 Axes
 + Level 10.3 Maces & Flails
 + Level 10.3 Polearms
 + Level 10.3 Staves
 + Level 10.3 Ranged Weapons
 + Level 10.3 Throwing
 + Level 11.3 Armour
 + Level 10.7 Dodging
 + Level 10.6 Stealth
 + Level 10.3 Shields
 + Level 10.3 Unarmed Combat
 + Level 10.3 Spellcasting
 + Level 8.7 Conjurations
 + Level 8.7 Hexes
 + Level 8.7 Summonings
 + Level 8.7 Necromancy
 + Level 8.7 Translocations
 + Level 8.7 Transmutations
 + Level 8.7 Fire Magic
 + Level 8.7 Ice Magic
 + Level 8.7 Air Magic
 + Level 8.7 Earth Magic
 + Level 8.7 Poison Magic
 + Level 11.2 Invocations
 + Level 12.2 Evocations
 + Level 9.5 Shapeshifting


You had 34 spell levels left.
You didn't know any spells.
Your spell library contained the following spells:

 Spells                   Type           Power      Damage    Failure   Level
 Blink                    Tloc           84%        N/A       3%          2
 Cigotuvi's Dreadful Rot  Necr/Pois/Air  84%        N/A       3%          2
 Static Discharge         Conj/Air       84%        2-6/arc   3%          2
 Gell's Gravitas          Tloc           42%        N/A       8%          3
 Hailstorm                Conj/Ice       42%        3d10      8%          3
 Ozocubu's Armour         Ice            42%        N/A       8%          3
 Teleport Other           Tloc           42%        N/A       8%          3
 Vhi's Electric Charge    Tloc/Air       84%        N/A       8%          3
 Airstrike                Air            21%        2d(3-19)  24%         4
 Dispel Undead            Necr           42%        3d17      24%         4
 Manifold Assault         Tloc           42%        N/A       24%         4
 Summon Ice Beast         Ice/Summ       42%        N/A       24%         4
 Summon Lightning Spire   Summ/Air       42%        N/A       24%         4
 Arcjolt                  Conj/Air       21%        1d31      56%         5
 Death Channel            Necr           21%        N/A       98%         6
 Dispersal                Tloc           21%        N/A       98%         6
 Plasma Beam              Fire/Air       21%        2x1d33    98%         6
 Simulacrum               Ice/Necr       21%        N/A       98%         6
 Ozocubu's Refrigeration  Ice            21%        4d12      100%        7


Dungeon Overview and Level Annotations

Branches:
Dungeon (12/15)            Temple (1/1) D:4            Lair (5/5) D:10
 Shoals (0/4) Lair:3       Spider (0/4) Lair:3        Slime (0/5) Lair:5
    Orc (2/2) D:11            Elf (0/3) Orc:2

Altars:
Ashenzari
Cheibriados
Dithmenos
Elyvilon
Fedhas
Gozag
Hepliaklqana
Kikubaaqudgha
Makhleb
Nemelex Xobeh
Okawaru
Qazlal
Ru
Sif Muna
Trog
Uskayaw
Vehumet
Wu Jian
Xom
Yredelemnul
Zin
The Shining One
Jiyva

Shops:
D:2 *   D:5 ?   Orc:2 [!*=?

Annotations:
D:12 1 runed translucent door
Lair:5 1 runed translucent door


Innate Abilities, Weirdness & Mutations

Your life essence is reduced to manifest your ancestor. (-10% HP)
You have very sharp teeth.
Your uncanny sense of smell can sniff out nearby items.
Your experience applies equally to all skills.


Message History

The tengu reaver looks as sick as possible!
Your bite misses the tengu reaver.
The tengu reaver is heavily wounded.
You feel sick.
You whack the tengu reaver!
The tengu reaver is severely wounded.
You feel sick.
The tengu reaver gestures at you while chanting.
The bolt of cold hits you!!!
You are too injured to fight recklessly!
You are too injured to fight recklessly!
You are too injured to fight recklessly!
You are too injured to fight recklessly!
You are too injured to fight recklessly!
You are too injured to fight recklessly!
You are too injured to fight recklessly!
You are too injured to fight recklessly!
You are too injured to fight recklessly!
You are too injured to fight recklessly!
You are too injured to fight recklessly!
You miss the tengu reaver.
The tengu reaver is severely wounded.
You feel sick.
The tengu reaver hits you with a +0 battleaxe!
* * * LOW HITPOINT WARNING * * *
The tengu reaver pecks you but does no damage.
You block the tengu reaver's attack.
You feel sick.
The tengu reaver attacks as it pursues you!
The tengu reaver hits you but does no damage.
The tengu reaver hits Numeria with a +0 battleaxe.
The tengu reaver closely misses you.
The tengu reaver claws you but does no damage.
You feel sick.
The tengu reaver gestures at you while chanting.
The bolt of lightning hits Numeria!!!
The bolt of lightning hits you! You resist.
* * * LOW HITPOINT WARNING * * *
The bolt of lightning hits you! You resist.
You die...

## #.#...########'#.........#....
.###.#...#........#.........#...#
.....#...#........#.........#.#'#
.....#...#........#.........#.#..
.....##WD#........#.........#.#..
......#.z#........#..#####..#.#..
......#..####'#####..# #..#.#..
......#....).........# #..#.#.#
#.....##........@....# #..#.#[#
#....#########..R....# #..#..(.
##...#!.Q....###Q....# #..#....
#..##.##..♣...W.....#####..#....
#.##$.#8....♣.#............'....
#.#Q......#####............#....
##.#####8p##.........########.[..
#....#8D..#..⌠.......#...........
...#####8.##.........#....)......


You could see the friendly Numeria the battlemage, a tengu reaver (extremely
poisoned, ally target) and a wraith.

Vanquished Creatures
  A lich (D:12)
  Kirke (Lair:3)
  Nessos (D:12)
  The ghost of Bunil the Cleaver, a journeyman MiFi of Trog (D:12)
  An ogre mage (Orc:1)
  2 hydras
  2 catoblepae
  A boulder beetle (D:11)
  8 two-headed ogres
  3 death yaks (Lair:4)
  A tengu warrior (D:12)
  Amaemon (Lair:3)
  A skyshark (Lair:5)
  A skeletal warrior (D:12)
  A wolf spider (Lair:5)
  The ghost of bahustanut the Trooper, a novice OgFi (D:5)
  A manticore (D:12)
  2 cyclopes
  7 black mambas
  A guardian serpent (Lair:5)
  A gargoyle (D:12)
  10 cane toads
  A rime drake (Lair:2)
  Psyche (D:11)
  An efreet (D:12)
  3 komodo dragons
  2 kobold demonologists
  2 meliai
  5 trolls
  A polar bear (Lair:5)
  2 hornets (Lair:5)
  3 dream sheep (Lair:4)
  3 blink frogs (Lair:3)
  3 slime creatures
  8 wyverns
  26 yaks
  4 wraiths
  2 steam dragons
  The ghost of Palms the Ducker, an amateur DjGl (D:3)
  4 vampire mosquitoes
  4 wargs
  6 water moccasins
  2 acid dragons (D:10)
  9 orc warriors
  A sky beast (D:6)
  An ice beast (D:7)
  21 ogres
  10 centaurs
  14 wolves
  2 boggarts (D:8)
  A phantom (D:6)
  8 kobold brigands
  A necrophage (D:5)
  4 bullfrogs
  4 scorpions
  9 wights
  10 killer bees
  4 howler monkeys (D:9)
  2 sleepcaps
  5 orc priests
  A bullfrog skeleton (D:5)
  A gnoll bouda (D:4)
  5 iguanas
  7 orc wizards
  6 gnolls
  7 adders
  A shadow imp (D:5)
  A white imp (D:5)
  4 worms
  2 dart slugs (D:1)
  24 orcs
  5 bats
  4 endoplasms
  5 giant cockroaches
  5 goblins
  9 hobgoblins
  4 jackals (D:1)
  11 kobolds
  4 quokkas
  7 ball pythons
  6 frilled lizards (D:1)
  3 rats (D:1)
361 creatures vanquished.

Vanquished Creatures (collateral kills)
  An orc warlord (Orc:2)
  Fannar (D:11)
  2 ogre magi (Orc:2)
  6 two-headed ogres
  2 death yaks (Lair:4)
  A demonic crawler (Lair:3)
  Nergalle (D:11)
  A skyshark (Lair:2)
  An orc knight (Orc:1)
  3 orc sorcerers
  A wolf spider (Lair:5)
  A cyclops (Orc:1)
  3 black mambas
  3 elephants (Lair:4)
  The ghost of soul19 the Firebug, a novice GrFE (D:7)
  An orange demon (Lair:3)
  5 cane toads
  An unseen horror (D:10)
  A rime drake (Lair:3)
  2 komodo dragons
  3 trolls
  A polar bear (Lair:4)
  A meliai (D:12)
  A hornet (D:7)
  4 blink frogs (Lair:3)
  4 dream sheep (Lair:4)
  A slime creature (D:12)
  A shadow (D:10)
  3 vampires
  6 wyverns (Lair:5)
  3 wraiths
  A hog (Lair:3)
  13 yaks
  2 redbacks (Lair:5)
  A basilisk (Lair:1)
  7 vampire mosquitoes
  2 acid dragons
  A floating eye (D:10)
  9 water moccasins
  8 orc warriors
  12 ogres
  14 wolves
  9 centaurs
  A phantom (D:6)
  4 kobold brigands
  5 bullfrogs
  2 scorpions (Lair:3)
  A gnoll sergeant (D:8)
  9 wights
  A wyvern skeleton (D:5)
  9 killer bees
  2 howler monkeys (D:9)
  A jelly (D:6)
  8 orc priests
  16 orc wizards
  A sleepcap (D:6)
  6 gnolls
  2 adders
  A shadow imp (D:7)
  A white imp (D:6)
  28 orcs
  3 kobolds
246 creatures vanquished.

Vanquished Creatures (others)
  A vampire (D:12)
  A shadow (D:11)
  A yak (D:9)
  A wight (D:6)
  A killer bee (D:9)
  An iguana (D:5)
  11 battlemagi
  2 ancestors
  A gnoll (D:5)
  An orc (D:9)
21 creatures vanquished.

Grand Total: 628 creatures vanquished

Notes
Turn   | Place    | Note
-------+----------+-------------------------------------------
     0 | D:1      | cforsyth the Gnoll Artificer began the quest for the Orb.
     0 | D:1      | Reached XP level 1. HP: 17/17 MP: 1/1
   108 | D:1      | Reached XP level 2. HP: 22/23 MP: 2/2
   454 | D:1      | Reached XP level 3. HP: 5/28 MP: 3/3
   697 | D:1      | Reached skill level 1 in Invocations
  1311 | D:2      | Found a sacrificial altar of Ru.
  1334 | D:2      | Reached skill level 1 in Short Blades
  1334 | D:2      | Reached skill level 1 in Long Blades
  1334 | D:2      | Reached skill level 1 in Axes
  1334 | D:2      | Reached skill level 1 in Maces & Flails
  1334 | D:2      | Reached skill level 1 in Polearms
  1334 | D:2      | Reached skill level 1 in Staves
  1334 | D:2      | Reached skill level 1 in Ranged Weapons
  1334 | D:2      | Reached skill level 1 in Throwing
  1334 | D:2      | Reached skill level 1 in Shields
  1334 | D:2      | Reached skill level 1 in Unarmed Combat
  1334 | D:2      | Reached skill level 1 in Spellcasting
  1369 | D:2      | Found Faev's Assorted Antiques.
  1403 | D:2      | Bought a smoky dark potion for 25 gold pieces
  1403 | D:2      | Bought an emerald potion for 25 gold pieces
  1443 | D:2      | Reached skill level 1 in Shapeshifting
  1443 | D:2      | Reached XP level 4. HP: 34/34 MP: 5/5
  1678 | D:2      | Reached skill level 1 in Conjurations
  1678 | D:2      | Reached skill level 1 in Hexes
  1678 | D:2      | Reached skill level 1 in Summonings
  1678 | D:2      | Reached skill level 1 in Necromancy
  1678 | D:2      | Reached skill level 1 in Translocations
  1678 | D:2      | Reached skill level 1 in Transmutations
  1678 | D:2      | Reached skill level 1 in Fire Magic
  1678 | D:2      | Reached skill level 1 in Ice Magic
  1678 | D:2      | Reached skill level 1 in Air Magic
  1678 | D:2      | Reached skill level 1 in Earth Magic
  1678 | D:2      | Reached skill level 1 in Poison Magic
  1813 | D:2      | Reached XP level 5. HP: 40/40 MP: 5/7
  1996 | D:3      | Found a blossoming altar of Fedhas.
  2005 | D:3      | Found a broken altar of Ashenzari.
  2005 | D:3      | Found an opulent altar of Gozag.
  2006 | D:3      | Found a stormy altar of Qazlal.
  2006 | D:3      | Found an iron altar of Okawaru.
  2132 | D:3      | Found a white marble altar of Elyvilon.
  2450 | D:3      | Found a runed translucent door.
  2492 | D:3      | Noticed Palms's ghost (amateur DjGl)
  2499 | D:3      | Found an ornate altar of the Wu Jian Council.
  2749 | D:4      | Found a staircase to the Ecumenical Temple.
  2768 | Temple   | Entered the Ecumenical Temple
  2788 | Temple   | Became a worshipper of Hepliaklqana the Forgotten
  3008 | D:4      | Reached XP level 6. HP: 11/47 MP: 8/8
  3252 | D:4      | Identified the +8 chain mail "Veonweij" {Harm rElec rF+
                  | Int+5}
  3624 | D:4      | Identified the ring "Iryxul" {Will+ Str+6 Int-3}
  3704 | D:4      | Reached skill level 5 in Armour
  3970 | D:5      | Entered Level 5 of the Dungeon
  4098 | D:5      | Found a transporter.
  4101 | D:5      | Found a transporter.
  4102 | D:5      | Noticed bahustanut's ghost (novice OgFi)
  4250 | D:5      | Reached XP level 7. HP: 12/52 MP: 10/10
  4418 | D:5      | Reached skill level 7 in Evocations
  4565 | D:5      | Found The Oracle's Delphic Readings.
  4571 | D:5      | Bought a scroll of identify for 28 gold pieces
  5436 | D:5      | HP: 2/52 [iguana (3)]
  5653 | D:5      | Reached * piety under Hepliaklqana
  5739 | D:5      | Noticed a steam dragon
  5741 | D:5      | Killed a steam dragon
  5776 | D:5      | Reached XP level 8. HP: 47/54 MP: 12/12
  6275 | D:6      | Found a glowing silver altar of Zin.
  6457 | D:6      | Found a shadowy altar of Dithmenos.
  6489 | D:6      | Identified the +0 leather armour of Thoughtfulness {rF+}
  6528 | D:6      | Reached XP level 9. HP: 27/59 MP: 14/14
  6707 | D:6      | Found a runed translucent gate.
  6707 | D:6      | Found a runed translucent gate.
  6708 | D:6      | Noticed soul19's ghost (novice GrFE)
  6709 | D:6      | Found a runed translucent gate.
  6710 | D:6      | Noticed a kobold demonologist
  7082 | D:7      | Found a snail-covered altar of Cheibriados.
  7462 | D:7      | Noticed a hornet
  7470 | D:7      | Killed a hornet
  7471 | D:7      | Reached skill level 5 in Fighting
  7471 | D:7      | Reached skill level 5 in Dodging
  7474 | D:7      | Reached skill level 5 in Stealth
  7621 | D:7      | Reached skill level 8 in Evocations
  7727 | D:7      | Reached ** piety under Hepliaklqana
  7728 | D:7      | Remembered your ancestor Numeria as a battlemage
  7872 | D:7      | Reached skill level 5 in Invocations
  8363 | D:8      | Reached XP level 10. HP: 58/66 MP: 17/17
  8466 | D:8      | Reached skill level 5 in Short Blades
  8466 | D:8      | Reached skill level 5 in Long Blades
  8466 | D:8      | Reached skill level 5 in Axes
  8466 | D:8      | Reached skill level 5 in Maces & Flails
  8466 | D:8      | Reached skill level 5 in Polearms
  8466 | D:8      | Reached skill level 5 in Staves
  8466 | D:8      | Reached skill level 5 in Ranged Weapons
  8466 | D:8      | Reached skill level 5 in Throwing
  8466 | D:8      | Reached skill level 5 in Shields
  8466 | D:8      | Reached skill level 5 in Unarmed Combat
  8466 | D:8      | Reached skill level 5 in Spellcasting
  8808 | D:8      | Noticed a two-headed ogre
  8808 | D:8      | Noticed a two-headed ogre
  8813 | D:8      | Killed a two-headed ogre
  8815 | D:8      | Killed a two-headed ogre
  8816 | D:8      | Reached skill level 5 in Shapeshifting
  9767 | D:9      | Reached XP level 11. HP: 48/74 MP: 19/19
  9781 | D:9      | Reached skill level 9 in Evocations
 10028 | D:9      | Reached skill level 5 in Conjurations
 10028 | D:9      | Reached skill level 5 in Hexes
 10028 | D:9      | Reached skill level 5 in Summonings
 10028 | D:9      | Reached skill level 5 in Necromancy
 10028 | D:9      | Reached skill level 5 in Translocations
 10028 | D:9      | Reached skill level 5 in Transmutations
 10028 | D:9      | Reached skill level 5 in Fire Magic
 10028 | D:9      | Reached skill level 5 in Ice Magic
 10028 | D:9      | Reached skill level 5 in Air Magic
 10028 | D:9      | Reached skill level 5 in Earth Magic
 10028 | D:9      | Reached skill level 5 in Poison Magic
 10090 | D:9      | Reached *** piety under Hepliaklqana
 10198 | D:10     | Entered Level 10 of the Dungeon
 11432 | D:10     | Found a staircase to the Lair.
 11441 | D:10     | Noticed a two-headed ogre
 11446 | D:10     | Killed a two-headed ogre
 12042 | D:11     | Found a staircase to the Orcish Mines.
 12082 | D:11     | Noticed Fannar
 12090 | D:11     | Killed Fannar
 12407 | D:11     | Reached XP level 12. HP: 81/81 MP: 20/22
 12637 | D:11     | Identified the +4 battleaxe of Xudocag {antimagic, rC-
                  | Str+2 Int+3 Stlth+}
 12755 | D:11     | Reached **** piety under Hepliaklqana
 12764 | D:11     | Noticed a boulder beetle
 12774 | D:11     | Killed a boulder beetle
 13453 | D:11     | Noticed Psyche
 13454 | D:11     | Killed Psyche
 13455 | D:11     | Reached skill level 10 in Evocations
 13472 | D:11     | Noticed Nergalle
 13480 | D:11     | Killed Nergalle
 14013 | D:12     | Noticed Nessos
 14016 | D:12     | Killed Nessos
 14251 | D:12     | Found a runed translucent door.
 14252 | D:12     | Noticed a tengu warrior
 14252 | D:12     | Noticed a storm dragon
 14252 | D:12     | Noticed a tengu reaver
 14254 | D:12     | Found a runed translucent door.
 14263 | D:12     | Noticed Bunil's ghost (journeyman MiFi)
 14364 | D:12     | Noticed a lich
 14860 | D:3      | Killed Palms's ghost
 15007 | D:5      | Killed bahustanut's ghost
 15008 | D:5      | Reached XP level 13. HP: 85/87 MP: 23/25
 15106 | D:7      | Killed soul19's ghost
 15471 | Lair:1   | Entered Level 1 of the Lair of Beasts
 15598 | Lair:1   | Reached ***** piety under Hepliaklqana
 17150 | Lair:2   | You fall into a shaft and drop 1 floor!
 17270 | Lair:3   | Noticed Amaemon
 17750 | Lair:3   | Found a staircase to the Shoals.
 17888 | Lair:2   | Identified the amulet "Luemim" {rF+ Will+ Regen+}
 18374 | Lair:3   | Found a hole to the Spider Nest.
 18435 | Lair:3   | Killed Amaemon
 18436 | Lair:3   | Reached skill level 10 in Armour
 18436 | Lair:3   | Reached skill level 11 in Evocations
 18604 | Lair:3   | Noticed Kirke
 18616 | Lair:3   | Killed Kirke
 18659 | Lair:3   | Reached ****** piety under Hepliaklqana
 18968 | Lair:4   | Reached XP level 14. HP: 97/97 MP: 25/27
 19081 | Lair:4   | Reached skill level 10 in Invocations
 19140 | Lair:4   | Identified a scroll of acquirement
 19576 | Lair:5   | Entered Level 5 of the Lair of Beasts
 20099 | Lair:5   | Found a runed translucent door.
 20099 | Lair:5   | Found a viscous altar of Jiyva.
 20103 | Lair:5   | Found a staircase to the Slime Pits.
 20468 | Lair:5   | Reached skill level 10 in Fighting
 20468 | Lair:5   | Reached skill level 10 in Dodging
 20586 | Lair:5   | Reached skill level 10 in Stealth
 21185 | Orc:1    | Entered Level 1 of the Orcish Mines
 21690 | Orc:2    | Entered Level 2 of the Orcish Mines
 21699 | Orc:2    | Noticed an orc warlord
 22100 | Orc:2    | Found a staircase to the Elven Halls.
 22438 | Orc:2    | Found Lisaaggo's Magic Scroll Emporium.
 22455 | Orc:2    | Bought a scroll of acquirement for 884 gold pieces
 22455 | Orc:2    | Acquired 960 gold pieces
 22456 | Orc:2    | Acquired 1029 gold pieces
 22615 | Orc:2    | Reached XP level 15. HP: 103/103 MP: 28/28
 23238 | Orc:2    | Reached skill level 10 in Short Blades
 23238 | Orc:2    | Reached skill level 10 in Long Blades
 23238 | Orc:2    | Reached skill level 10 in Axes
 23238 | Orc:2    | Reached skill level 10 in Maces & Flails
 23238 | Orc:2    | Reached skill level 10 in Polearms
 23238 | Orc:2    | Reached skill level 10 in Staves
 23238 | Orc:2    | Reached skill level 10 in Ranged Weapons
 23238 | Orc:2    | Reached skill level 10 in Throwing
 23238 | Orc:2    | Reached skill level 10 in Shields
 23238 | Orc:2    | Reached skill level 10 in Unarmed Combat
 23238 | Orc:2    | Reached skill level 10 in Spellcasting
 23331 | Orc:2    | Killed an orc warlord
 23336 | Orc:2    | Reached skill level 12 in Evocations
 23394 | Orc:2    | Found Beanuuf's Jewellery Shoppe.
 23394 | Orc:2    | Found Teydew's Assorted Antiques.
 23885 | Orc:2    | Found Duwazuol's Distillery.
 23885 | Orc:2    | Found Septulun's Antique Armour Emporium.
 23925 | Orc:2    | Bought a scroll of teleportation for 66 gold pieces
 23926 | Orc:2    | Bought an embroidered cloak for 225 gold pieces
 24410 | D:12     | Killed a lich
 24467 | D:12     | Killed Bunil's ghost
 24490 | D:12     | Killed from afar by a tengu reaver

Illustrated notes

Levels and vault maps discovered:
D:1:      minmay_arrival_four_loops, layout_loops_ring, serial_aquarium,
          aquarium_bridge_square [aquarium_subvault_balcony,
          aquarium_subvault_window, aquarium_subvault_bridge,
          aquarium_subvault_wall], aquarium_window_1, aquarium_window_1,
          aquarium_view_2d, aquarium_view_2b, minmay_tromino_v4_a
D:2:      layout_basic, basic_altar, serial_shops,
          nicolae_shop_just_a_little_nook
D:3:      layout_rooms, grunt_temple_overflow_open,
          nicolae_elyvilon_peaceful_grove, mainiacjoe_overflow_alcove_1,
          ebering_ghost_sewer_d, kennysheep_big_empty_room
D:4:      layout_basic, minmay_temple_entry_trees
D:5:      layout_rooms, gammafunk_ghost_mausoleum, nicolae_nh_oracle_at_delphi
D:6:      layout_rooms, general_overflow_altar, mainiacjoe_overflow_24_doors,
          gammafunk_ghost_nasty_kobolds
D:7:      nicolae_cairo_tiling, layout_loops_cross, slow_altar_1
D:8:      layout_rooms, st_stairs_10, dk_noncrumbling_2,
          nicolae_phantomly_mirrored
D:9:      layout_basic
D:10:     layout_cross, lair_entry_dummy, onia_ninara_cookie
D:11:     layout_stronghold, orc_0_dummy, kennysheep_generic_room_2,
          uniq_fannar, uniq_psyche, uniq_nergalle
D:12:     layout_irregular_city, muffindrake_ghost_dual_entry, uniq_nessos
Temple:   hellmonk_temple_forest_ring
Lair:1:   layout_long_grid, patterned_corridor
Lair:2:   layout_hall_layers
Lair:3:   layout_long_grid, shoals_dummy_entry,
          nicolae_spider_entry_non_spiders, uniq_amaemon, uniq_kirke
Lair:4:   layout_loops_ring, grunt_megastairs_2
Lair:5:   hangedman_lair_tendril_chambers, layout_long_grid, slime_entry_2,
          st_stairs_5
Orc:1:    layout_caves, basic_altar
Orc:2:    st_orc_ogre_mass, layout_diamond_mine, serial_shops, shop_fountains,
          basic_altar

Skill      XL: |  1  2  3  4  5  6  7  8  9 10 11 12 13 14 15 |
---------------+----------------------------------------------+-----
Invocations    | 1 2 3 4 5 6 7 8 9 10 11 | 11.2
Short Blades   | 1 2 3 4 5 6 8 9 10 | 10.3
Long Blades    | 1 2 3 4 5 6 8 9 10 | 10.3
Axes           | 1 2 3 4 5 6 8 9 10 | 10.3
Maces & Flails | 1 2 3 4 5 6 8 9 10 | 10.3
Polearms       | 1 2 3 4 5 6 8 9 10 | 10.3
Staves         | 1 2 3 4 5 6 8 9 10 | 10.3
Ranged Weapons | 1 2 3 4 5 6 8 9 10 | 10.3
Throwing       | 1 2 3 4 5 6 8 9 10 | 10.3
Shields        | 1 2 3 4 5 6 8 9 10 | 10.3
Unarmed Combat | 1 2 3 4 5 6 8 9 10 | 10.3
Spellcasting   | 1 2 3 4 5 6 8 9 10 | 10.3
Shapeshifting  | 1 2 3 4 5 6 7 8 9 |  9.5
Conjurations   | 1 2 3 4 5 6 7 8 |  8.7
Hexes          | 1 2 3 4 5 6 7 8 |  8.7
Summonings     | 1 2 3 4 5 6 7 8 |  8.7
Necromancy     | 1 2 3 4 5 6 7 8 |  8.7
Translocations | 1 2 3 4 5 6 7 8 |  8.7
Transmutations | 1 2 3 4 5 6 7 8 |  8.7
Fire Magic     | 1 2 3 4 5 6 7 8 |  8.7
Ice Magic      | 1 2 3 4 5 6 7 8 |  8.7
Air Magic      | 1 2 3 4 5 6 7 8 |  8.7
Earth Magic    | 1 2 3 4 5 6 7 8 |  8.7
Poison Magic   | 1 2 3 4 5 6 7 8 |  8.7
Fighting       | 3 4 5 6 7 8 9 10 | 10.7
Dodging        | 3 4 5 6 7 8 9 10 | 10.7
Stealth        | 3 4 5 6 7 8 9 10 | 10.6
Armour         | 5 6 7 8 9 10 11 | 11.3
Evocations     | 7 8 9 10 11 12 | 12.2

Action                     |  1- 3 |  4- 6 |  7- 9 | 10-12 | 13-15 || total
---------------------------+-------+-------+-------+-------+-------++-------
  Melee: Club              |   171 |   267 |   135 |       |       ||   573
         Bite              |     8 |    25 |    47 |    75 |   152 ||   307
         Punch             |       |     5 |    14 |     2 |       ||    21
         Spear             |       |       |   254 |       |       ||   254
         Dagger            |       |       |    34 |   510 |   345 ||   889
         Demon whip        |       |       |       |       |   623 ||   623
 Invoke: Ancestor Life: Ba |       |       |     1 |       |       ||     1
         Recall Ancestor   |       |       |       |     4 |     7 ||    11
  Evoke: Wand              |     1 |    15 |     9 |    32 |    14 ||    71
    Use: Scroll            |       |       |     6 |    12 |     9 ||    27
   Stab: Sleeping          |     4 |     6 |       |       |     2 ||    12
         Distracted        |       |     1 |     3 |     9 |    28 ||    41
 Armour: Leather armour    |    79 |   114 |    19 |       |       ||   212
         Chain mail        |       |       |   263 |   341 |   431 ||  1035
  Dodge: Dodged            |   151 |   187 |   181 |   210 |   309 ||  1038
  Block: Kite shield       |       |       |       |   287 |   454 ||   741

Table legend: (Time is in decaauts)
 A = Elapsed time spent in this place.
 B = Non-inter-level travel time spent in this place.
 C = Inter-level travel time spent in this place.
 D = Time resting spent in this place.
 E = Time spent auto-exploring this place.
 F = Levels seen in this place.
 G = Mean time per level.
                   A        B        C        D        E       F      G
               +--------+--------+--------+--------+--------+-----+--------+
         Total |  24260 |  23138 |   1122 |   4769 |  13777 |  20 | 1213.0 |
       Dungeon |  16129 |  15333 |    796 |   2609 |   9606 |  12 | 1344.1 |
        Temple |     38 |      2 |     36 |      0 |      0 |   1 |   38.0 |
          Lair |   5494 |   5294 |    200 |    972 |   3371 |   5 | 1098.8 |
  Orcish Mines |   2598 |   2509 |     89 |   1188 |    800 |   2 | 1299.0 |
               +--------+--------+--------+--------+--------+-----+--------+

Top non-repeatable levels by time:
     D:4: 2125 daAuts
    D:11: 1922 daAuts
   Orc:1: 1675 daAuts
     D:5: 1609 daAuts
  Lair:1: 1484 daAuts
    D:12: 1480 daAuts
     D:1: 1413 daAuts
     D:7: 1369 daAuts
    D:10: 1333 daAuts
     D:9: 1256 daAuts
     D:8: 1221 daAuts
  Lair:3: 1165 daAuts
  Lair:4: 1090 daAuts
  Lair:5: 1033 daAuts
     D:6: 964 daAuts
